 Dungeon Crawl Stone Soup version 0.29-a0-284-gf9362112df (webtiles) character file.

Game seed: 2801544590983950065

25 horus123 the Slasher (level 3, 0/27 HPs)
             Began as a Merfolk Gladiator on Mar 18, 2022.
             Slain by an endoplasm (2 damage)
             ... on level 2 of the Dungeon.
             The game lasted 00:01:55 (1095 turns).

horus123 the Slasher (Merfolk Gladiator)            Turns: 1095, Time: 00:01:56

Health: 0/27       AC: 10    Str: 14    XL:     3   Next: 4%
Magic:  3/3        EV: 12    Int:  7    God:
Gold:   90         SH:  0    Dex: 17    Spells: 2/2 levels left

rFire   + . .      SeeInvis .   a - +1 long sword
rCold   . . .      Faith    .   (no shield)
rNeg    . . .      Spirit   .   k - +0 ring mail
rPois   .          Reflect  .   c - +0 helmet
rElec   .          Harm     .   (no cloak)
rCorr   .          Rampage  .   (no gloves)
Will    .....                   (no boots)
Stlth   +.........              (no amulet)
HPRegen 0.09/turn               i - ring of protection from fire
MPRegen 0.08/turn               b - +4 ring of protection

@: hasted, very quick
A: (nimble swimmer 2), mertail
a: no special abilities


You were on level 2 of the Dungeon.
You visited 1 branch of the dungeon, and saw 2 of its levels.

You collected 90 gold pieces.

Inventory:

Hand Weapons
 a - a +1 long sword (weapon)
Missiles
 d - 3 throwing nets
 e - a javelin
 j - 4 boomerangs (quivered)
Armour
 c - a +0 helmet (worn)
 k - a +0 ring mail (worn)
Jewellery
 b - a +4 ring of protection (right hand)
 i - a ring of protection from fire (left hand)
Scrolls
 g - a scroll of brand weapon {unknown}


   Skills:
 - Level 2.1 Fighting
 + Level 5.0 Long Blades
 - Level 2.0 Throwing
 - Level 4.0 Dodging


You had 2 spell levels left.
You didn't know any spells.
Your spell library was empty.

Dungeon Overview and Level Annotations

Branches:
Dungeon (2/15)

Altars:


Innate Abilities, Weirdness & Mutations

((You are very nimble when in or above water. (Stealth+, EV+, Speed+++)))
Your lower body shifts to a powerful aquatic tail in water.


Message History

Found 17 gold pieces.
The jackal barks!
A jackal comes into view.
The jackal barks!
A jackal comes into view.
Found 9 gold pieces.
The jackal barks!
A frilled lizard comes into view.
The frilled lizard hisses angrily.
The jackal closely misses you.
You slash the jackal!
You kill the jackal!
You have reached level 3!
Your experience leads to an increase in your attributes!
Increase (S)trength, (I)ntelligence, or (D)exterity?
You feel agile. x2
You hit the jackal.
The jackal is heavily wounded.
The jackal barely misses you.
You miss the jackal.
The jackal is heavily wounded.
The jackal bites you but does no damage.
You hit the jackal.
You kill the jackal!
Your Long Blades skill increases to level 5!
You hit the jackal. Your punch misses the jackal.
The jackal is severely wounded.
The jackal bites you.
* * * LOW HITPOINT WARNING * * *
Unknown command.
You hit the jackal.
The jackal is almost dead.
The jackal barely misses you.
A frilled lizard comes into view.
Unknown command.
The frilled lizard hisses angrily.
You hit the jackal.
You kill the jackal!
The endoplasm hits you.
You die...

### .. #.## ##### ..#
......###########.######
.$.l.l†@J.gr.rl.gr..$...
##.###############.#####
#..# ##J# #.# ##r####
#.rl.l. #...... #......


You could see an endoplasm, a quokka, a hobgoblin, 3 frilled lizards and a rat.

Vanquished Creatures
  A dart slug (D:1)
  2 endoplasms
  A giant cockroach (D:1)
  2 goblins (D:1)
  3 jackals (D:2)
  2 quokkas (D:1)
  2 ball pythons (D:1)
  4 bats
  2 frilled lizards (D:1)
  2 kobolds (D:1)
  A rat (D:2)
22 creatures vanquished.

Notes
Turn   | Place    | Note
-------+----------+-------------------------------------------
     0 | D:1      | horus123 the Merfolk Gladiator began the quest for the Orb.
     0 | D:1      | Reached XP level 1. HP: 16/16 MP: 1/1
   102 | D:1      | Reached skill level 4 in Long Blades
   103 | D:1      | Reached XP level 2. HP: 22/22 MP: 2/2
   730 | D:1      | Found a faded altar of an unknown god.
  1073 | D:2      | HP: 1/22 [frozen (3)]
  1090 | D:2      | Reached XP level 3. HP: 3/27 MP: 3/3
  1093 | D:2      | Reached skill level 5 in Long Blades
  1095 | D:2      | Slain by an endoplasm

Illustrated notes

Levels and vault maps discovered:
D:1:      evilmike_arrival_hilbert_curve, layout_loops_ring,
          shapermc_ecumenical_altar_ellora, due_unseen_surprise
D:2:      layout_basic

Skill      XL: |  1  2  3 |
---------------+----------+-----
Long Blades    | 4 5 |  5.0
Fighting       | |  2.1
Throwing       | |  2.0
Dodging        | |  4.0

Action                   || total
-------------------------++-------
Melee: Long sword        ||    58
Throw: Boomerang         ||     9
  Use: Scroll            ||     1
       Potion            ||     1
Armor: Leather armour    ||    13
       Ring mail         ||    13
Dodge: Dodged            ||    52

Table legend: (Time is in decaauts)
 A = Elapsed time spent in this place.
 B = Non-inter-level travel time spent in this place.
 C = Inter-level travel time spent in this place.
 D = Time resting spent in this place.
 E = Time spent auto-exploring this place.
 F = Levels seen in this place.
 G = Mean time per level.
                   A        B        C        D        E       F      G
               +--------+--------+--------+--------+--------+-----+--------+
         Total |   1098 |   1068 |     30 |     46 |    829 |   2 |  549.0 |
       Dungeon |   1098 |   1068 |     30 |     46 |    829 |   2 |  549.0 |
               +--------+--------+--------+--------+--------+-----+--------+

Top non-repeatable levels by time:
     D:1: 1064 daAuts
     D:2: 34 daAuts
